 Dungeon Crawl Stone Soup version 0.20.0-15-g7f486f2 (webtiles) character file.

51 graki42 the Firebug (level 3, -2/19 HPs)
             Began as a Deep Elf Fire Elementalist on June 15, 2017.
             Slain by an orc
             ... wielding a +0 short sword
              (3 damage)
             ... on level 3 of the Dungeon.
             The game lasted 00:05:03 (1507 turns).

graki42 the Firebug (Deep Elf Fire Elementalist)    Turns: 1507, Time: 00:05:03

Health: -2/19      AC:  3    Str:  6    XL:     3   Next: 57%
Magic:  5/10       EV: 13    Int: 19    God:
Gold:   126        SH:  0    Dex: 15    Spells: 2/9 levels left

rFire    . . .     SeeInvis .   n - +0 long sword
rCold    . . .     Gourm    .   (no shield)
rNeg     . . .     Faith    .   a - +0 robe
rPois    .         Spirit   .   (no helmet)
rElec    .         Reflect  .   (no cloak)
rCorr    .         Harm     .   q - +0 pair of gloves
MR       .....                  (no boots)
Stlth    ++........             (no amulet)
Regen    0.1/turn               (no ring)
MPRegen  0.2/turn               (no ring)

@: no status effects
A: no striking features
a: no special abilities


You were on level 3 of the Dungeon.
You were hungry.

You visited 1 branch of the dungeon, and saw 3 of its levels.

You collected 126 gold pieces.

Inventory:

Hand Weapons
 n - a +0 long sword (weapon)
Armour
 a - a +0 robe (worn)
 q - a +0 pair of gloves (worn)
Scrolls
 e - a scroll of remove curse {unknown}
 g - a scroll of amnesia {unknown}
 j - 3 scrolls of identify {unknown}
 k - a scroll of enchant armour {unknown}
 l - a scroll of immolation {unknown}
 o - a scroll of magic mapping {unknown}
Potions
 d - 4 potions of lignification {unknown}
 h - a potion of flight {unknown}
 m - a potion of curing {unknown}
 p - a potion of might {unknown}
Books
 b - a book of Flames

   Spells                             Type                      Level
   a - Flame Tongue                   Conjuration/Fire             1
   b - Throw Flame                    Conjuration/Fire             2
   c - Conjure Flame                  Conjuration/Fire             3
   d - Inner Flame                    Hexes/Fire                   3
   e - Sticky Flame                   Conjuration/Fire             4
   f - Fireball                       Conjuration/Fire             5
Comestibles
 c - a bread ration
 f - 2 royal jellies
 i - 3 meat rations


   Skills:
 + Level 2.6 Dodging
 + Level 2.7 Stealth
 + Level 3.6 Spellcasting
 + Level 1.4 Conjurations
 + Level 4.3 Fire Magic


You had 2 spell levels left.
You knew the following spells:

 Your Spells              Type           Power        Failure   Level  Hunger
a - Flame Tongue          Conj/Fire      ##...        4%          1    None
b - Conjure Flame         Conj/Fire      ##......     13%         3    ###....
c - Inner Flame           Hex/Fire       ##......     17%         3    ###....


Dungeon Overview and Level Annotations

Branches:
Dungeon (3/15)

Altars:


Message History

You hit the orc wizard but do no damage.
The orc wizard is lightly wounded.
The orc wizard hits you but does no damage.
The orc wizard hits you with a dagger. x2
The orc wizard barely misses you. The orc wizard hits you with a dagger.
* * * LOW HITPOINT WARNING * * *
The orc wizard is no longer moving quickly.
The kobold barely misses you.
You riposte.
You hit the kobold.
You kill the kobold!
The orc barely misses you. The orc hits you with a short sword.
* * * LOW HITPOINT WARNING * * *
The orc wizard gestures wildly while chanting.
The orc wizard seems to speed up.
You hear the slow rusting of a distant drain.
You feel yourself speed up.
The orc wizard gestures wildly while chanting.
The orc wizard blinks!
The teleport trap disappears.
The orc wizard disappears!
The orc hits you with a short sword.
You die...

########..#
#......#..#
#<####.#..# #.#
#.#..#
#.####.#.)#
#.#....#..#
#.#.####o.#####
#.#.#...o.....#
#.#.'@o.......#
#.###...†....(#
+.........#
#.§.......#
#.........#
#.........#
#.........#
######.#### #.#


You could see 3 orcs.

Vanquished Creatures
  An adder (D:3)
  3 leopard geckos
  An orc (D:3)
  5 bats
  A giant cockroach (D:2)
  5 goblins
  5 hobgoblins
  7 kobolds
  A ball python (D:1)
  A frilled lizard (D:2)
  4 rats
34 creatures vanquished.

Notes
Turn   | Place    | Note
-------+----------+-------------------------------------------
     0 | D:1      | graki42 the Deep Elf Fire Elementalist began the quest for the Orb.
     0 | D:1      | Reached XP level 1. HP: 10/10 MP: 6/6
   357 | D:1      | Reached XP level 2. HP: 15/15 MP: 6/8
   555 | D:1      | Reached skill level 4 in Fire Magic
   917 | D:2      | Reached XP level 3. HP: 19/19 MP: 7/10
  1467 | D:3      | Learned a level 3 spell: Conjure Flame
  1471 | D:3      | Learned a level 3 spell: Inner Flame
  1507 | D:3      | Slain by an orc

Skill      XL: |  1  2 |
---------------+-------+-----
Fire Magic     | 4 |  4.3
Dodging        | |  2.6
Stealth        | |  2.7
Spellcasting   | |  3.6
Conjurations   | |  1.4

Action                   || total
-------------------------++-------
Melee: Long sword        ||     2
 Cast: Flame Tongue      ||    51
       Inner Flame       ||     2
       Conjure Flame     ||     1
  Eat: Chunk             ||     1
Armor: Robe              ||     3
Dodge: Dodged            ||    26
       Rpst.: Long sword ||     7
